 Dungeon Crawl Stone Soup version 0.21.1-1-g345015f (webtiles) character file.

9993 letownia2 the Destroyer (level 11, -4/61 HPs)
             Began as a Tengu Fire Elementalist on Mar 4, 2018.
             Was a High Priest of Sif Muna.
             Killed from afar by a gargoyle (9 damage)
             ... with a stone arrow
             ... on level 12 of the Dungeon.
             The game lasted 00:30:45 (3929 turns).

letownia2 the Destroyer (Tengu Fire Elementalist)   Turns: 3929, Time: 00:30:46

Health: -4/61      AC:  5    Str:  9    XL:     11   Next: 55%
Magic:  13/24      EV: 19    Int: 18    God:    Sif Muna [*****.]
Gold:   227        SH:  0    Dex: 15    Spells: 15/26 levels left

rFire    . . .     SeeInvis .   a - +2 dagger (elec)
rCold    . . .     Gourm    .   (no shield)
rNeg     . . .     Faith    .   f - +0 leather armour
rPois    .         Spirit   .   (helmet restricted)
rElec    .         Reflect  .   G - +0 cloak (curse)
rCorr    .         Harm     .   E - +0 pair of gloves
MR       .....                  (boots unavailable)
Stlth    ++........             (no amulet)
HPRegen  0.20/turn              p - +1 ring of evasion
MPRegen  0.19/turn              B - +4 ring of evasion

@: no status effects
A: beak, talons 3, able to fly 1
a: Fly, Divine Energy, Channel Magic, Forget Spell, Renounce Religion


You were on level 12 of the Dungeon.
You worshipped Sif Muna.
Sif Muna was extremely pleased with you.
You were hungry.

You visited 2 branches of the dungeon, and saw 13 of its levels.

You collected 305 gold pieces.
You spent 78 gold pieces at shops.

Inventory:

Hand Weapons
 a - a +2 dagger of electrocution (weapon)
 b - the +1 quarterstaff of Tenacity {crush, Int+3}
   (You took it off an orc on level 8 of the Dungeon)

   It inflicts extra damage upon your enemies.
   It affects your intelligence (+3).
 z - a +1 hand axe of flaming
Missiles
 x - a throwing net (quivered)
Armour
 f - a +0 leather armour (worn)
 E - a +0 pair of gloves (worn)
 G - a cursed +0 cloak (worn)
Magical Staves
 y - an uncursed staff of poison
Jewellery
 p - a +1 ring of evasion (left hand)
 B - a +4 ring of evasion (right hand)
Wands
 h - a wand of polymorph (35)
 C - a wand of digging (14)
 H - a wand of enslavement (19)
Scrolls
 d - 3 scrolls of remove curse
 g - 2 scrolls of teleportation {unknown}
 k - 2 scrolls of fear {unknown}
 m - a scroll of fog {unknown}
 o - 2 scrolls of enchant armour {unknown}
 r - a scroll of noise {unknown}
 u - a scroll of blinking {unknown}
 D - a scroll of brand weapon {unknown}
 K - a scroll of amnesia {unknown}
Potions
 e - a potion of cancellation {unknown}
 j - 4 potions of curing {unknown}
 l - 5 potions of heal wounds
 q - 2 potions of haste
 t - a potion of agility
 v - 2 potions of brilliance {unknown}
 w - a potion of might
 F - a potion of ambrosia
Books
 n - a book of Flames

   Spells                             Type                      Level
   a - Flame Tongue                   Conjuration/Fire             1
   b - Throw Flame                    Conjuration/Fire             2
   c - Conjure Flame                  Conjuration/Fire             3
   d - Inner Flame                    Hexes/Fire                   3
   e - Sticky Flame                   Conjuration/Fire             4
   f - Fireball                       Conjuration/Fire             5
 s - a book of Clouds

   Spells                             Type                      Level
   a - Poisonous Vapours              Poison/Air                   2
   b - Mephitic Cloud                 Conjuration/Poison/Air       3
   c - Conjure Flame                  Conjuration/Fire             3
   d - Freezing Cloud                 Conjuration/Ice/Air          6
   e - Ring of Flames                 Charms/Fire                  7
Miscellaneous
 J - a sack of spiders
Comestibles
 c - 13 rations
 I - 3 chunks of flesh


   Skills:
 - Level 4.0 Fighting
 - Level 1.4 Short Blades
 - Level 4.1 Armour
 - Level 4.8 Dodging
 - Level 2.0 Stealth
 - Level 8.1 Spellcasting
 + Level 14.2 Conjurations
 - Level 3.2 Fire Magic
 - Level 6.8 Air Magic
 + Level 5.1 Invocations


You had 15 spell levels left.
You knew the following spells:

 Your Spells              Type           Power        Failure   Level  Hunger
a - Flame Tongue          Conj/Fire      #####        1%          1    None
b - Blink                 Tloc           N/A          21%         2    None
c - Conjure Flame         Conj/Fire      #####...     1%          3    #......
e - Mephitic Cloud        Conj/Pois/Air  ####....     2%          3    #......
v - Poisonous Vapours     Pois/Air       ###...       4%          2    None


Dungeon Overview and Level Annotations

Branches:
Dungeon (12/15)            Temple (1/1) D:6
   Lair: D:8-11         Orc: D:9-12

Altars:
Fedhas
Kikubaaqudgha
Makhleb
Nemelex Xobeh
Qazlal
Sif Muna
Uskayaw
Wu Jian

Shops:
D:5 !


Innate Abilities, Weirdness & Mutations

You have a beak for a mouth.
You have claws for feet.
You can fly.


Message History

Evoke which item? (* to show all) (? for menu, Esc to quit)
Okay, then.
Okay, then.
Okay, then.
Evoke which item? (* to show all) (? for menu, Esc to quit)
Okay, then.
Okay, then.
You open the door.
Found a ration.
A gargoyle comes into view. It is wielding a morningstar.
There is an open door here.
The gargoyle completely misses you.
Found 16 gold pieces.
The gargoyle hits you with a morningstar!
The gargoyle hurls a stone arrow at you.
The stone arrow hits you!
* * * LOW HITPOINT WARNING * * *
The gargoyle hurls a stone arrow at you.
The stone arrow hits you!
You die...

#..... #.....#.......#
#....###.....#.......#
#....'......##.......#
#....#......#.........
#....#......'.......#
#....#......#.......#
####....#....###.......#
.......9######.........#
.........@.............#
..............#'#####..#
..............#...^.#..#
..............#.....# ...
###..$........#.....###..
#...........###....<#
#.............#.....#
#.............#.....#
#.....#


You could see a gargoyle.

Vanquished Creatures
  Erolcha (D:11)
  4 two-headed ogres
  An unseen horror (D:11)
  A manticore (D:11)
  A cyclops (D:10)
  2 centaur zombies (D:10)
  Maurice (D:10)
  A hippogriff (D:8)
  4 yaks (D:11)
  2 wyverns
  2 hungry ghosts (D:11)
  A water moccasin (D:11)
  4 ice beasts
  An orc warrior (D:11)
  4 sky beasts
  A black bear (D:8)
  A phantom (D:4)
  An eye of draining (D:11)
  3 ogres
  A centaur (D:11)
  2 bullfrogs
  A wyvern skeleton (D:5)
  2 scorpions
  10 killer bees (D:11)
  An oklob sapling (D:6)
  5 crimson imps
  3 jellies
  A bullfrog skeleton (D:11)
  A quasit (D:11)
  3 orc priests (D:11)
  5 hounds
  6 orc wizards
  An iguana (D:4)
  3 worker ants
  A hound zombie (D:11)
  A howler monkey zombie (D:5)
  A worker ant zombie (D:7)
  8 adders
  A shadow imp (D:11)
  3 worms
  An adder skeleton (D:6)
  2 leopard geckos
  23 orcs
  2 giant cockroaches
  5 goblins
  6 jackals
  2 kobolds (D:1)
  3 quokkas
  3 rats
  A plant (D:6)
144 creatures vanquished.

Notes
Turn   | Place    | Note
-------+----------+-------------------------------------------
     0 | D:1      | letownia2 the Tengu Fire Elementalist began the quest for the Orb.
     0 | D:1      | Reached XP level 1. HP: 10/10 MP: 4/4
    21 | D:1      | Reached skill level 2 in Conjurations
    97 | D:2      | Reached skill level 3 in Conjurations
    97 | D:2      | Reached XP level 2. HP: 14/15 MP: 1/6
   139 | D:2      | Reached XP level 3. HP: 19/19 MP: 0/7
   313 | D:3      | Reached skill level 1 in Fighting
   313 | D:3      | Reached skill level 1 in Short Blades
   313 | D:3      | Reached skill level 4 in Conjurations
   334 | D:3      | Reached XP level 4. HP: 21/25 MP: 0/8
   388 | D:3      | Learned a level 3 spell: Conjure Flame
   494 | D:4      | Gained mutation: You can fly. [Tengu growth]
   494 | D:4      | Reached XP level 5. HP: 30/30 MP: 0/9
   595 | D:4      | Reached skill level 5 in Conjurations
   687 | D:4      | Noticed a phantom
   699 | D:4      | Killed a phantom
   699 | D:4      | Reached XP level 6. HP: 21/37 MP: 2/10
   953 | D:5      | Entered Level 5 of the Dungeon
   953 | D:5      | Noticed a sky beast
   971 | D:5      | Killed a sky beast
   971 | D:5      | Reached skill level 6 in Conjurations
  1041 | D:5      | Found Atirph's Distillery.
  1050 | D:5      | Bought a potion of degeneration for 13 gold pieces
  1051 | D:5      | Bought a potion of heal wounds for 65 gold pieces
  1126 | D:5      | Noticed an ice beast
  1128 | D:5      | Reached skill level 1 in Armour
  1128 | D:5      | Reached XP level 7. HP: 25/43 MP: 2/11
  1242 | D:5      | Found a blossoming altar of Fedhas.
  1530 | D:6      | Found a stormy altar of Qazlal.
  1662 | D:6      | Reached XP level 8. HP: 43/48 MP: 8/12
  1693 | D:6      | Found a staircase to the Ecumenical Temple.
  1716 | Temple   | Entered the Ecumenical Temple
  1745 | Temple   | Became a worshipper of Sif Muna the Loreminder
  1881 | D:7      | Reached skill level 7 in Conjurations
  2005 | D:8      | Noticed a hippogriff
  2061 | D:8      | Reached * piety under Sif Muna
  2061 | D:8      | Reached skill level 8 in Conjurations
  2112 | D:8      | Killed a hippogriff
  2142 | D:8      | Got a brightly glowing quarterstaff {crush}
  2152 | D:8      | Identified the cursed +1 quarterstaff of Tenacity {crush, Int+3} (You took it off an orc on level 8 of the Dungeon)
  2237 | D:8      | Learned a level 3 spell: Mephitic Cloud
  2279 | D:8      | Noticed a two-headed ogre
  2343 | D:8      | Killed a two-headed ogre
  2343 | D:8      | Reached ** piety under Sif Muna
  2343 | D:8      | Reached XP level 9. HP: 20/52 MP: 0/16
  2347 | D:8      | Learned a level 2 spell: Poisonous Vapours
  2453 | D:8      | Reached skill level 9 in Conjurations
  2552 | D:10     | Entered Level 10 of the Dungeon
  2556 | D:10     | Reached skill level 5 in Spellcasting
  2668 | D:10     | Noticed a cyclops
  2692 | D:10     | Killed a cyclops
  2692 | D:10     | Reached skill level 10 in Conjurations
  2723 | D:10     | Noticed a two-headed ogre
  2744 | D:10     | Noticed a two-headed ogre
  2753 | D:10     | Reached *** piety under Sif Muna
  2753 | D:10     | Reached XP level 10. HP: 43/56 MP: 7/20
  2765 | D:10     | Killed a two-headed ogre
  2765 | D:10     | Reached skill level 11 in Conjurations
  2806 | D:10     | Killed a two-headed ogre
  2964 | D:10     | Noticed Maurice
  2978 | D:10     | Killed Maurice
  2978 | D:10     | Reached skill level 12 in Conjurations
  3001 | D:11     | Reached **** piety under Sif Muna
  3183 | D:11     | Noticed a manticore
  3185 | D:11     | Noticed Erolcha
  3195 | D:11     | Killed a manticore
  3280 | D:11     | Killed Erolcha
  3280 | D:11     | Reached skill level 13 in Conjurations
  3280 | D:11     | Reached XP level 11. HP: 41/61 MP: 14/24
  3322 | D:11     | Noticed a two-headed ogre
  3324 | D:11     | Found a hide-covered altar of Uskayaw.
  3336 | D:11     | Killed a two-headed ogre
  3636 | D:11     | Killed an unseen horror
  3636 | D:11     | Reached skill level 14 in Conjurations
  3742 | D:11     | Reached ***** piety under Sif Muna
  3799 | D:11     | Received a gift from Sif Muna
  3804 | D:11     | Learned a level 2 spell: Blink
  3822 | D:11     | Reached skill level 5 in Invocations
  3929 | D:12     | Killed from afar by a gargoyle

Skill      XL: |  1  2  3  4  5  6  7  8  9 10 11 |
---------------+----------------------------------+-----
Conjurations   | 3 4 5 6 8 10 13 14 | 14.2
Fighting       | 1 2 3 4 |  4.0
Short Blades   | 1 |  1.4
Armour         | 1 3 4 |  4.1
Dodging        | 4 |  4.8
Spellcasting   | 4 6 8 |  8.1
Air Magic      | 6 |  6.8
Invocations    | 2 5 |  5.1
Stealth        | |  2.0
Fire Magic     | |  3.2

Action                   |  1- 3 |  4- 6 |  7- 9 | 10-12 || total
-------------------------+-------+-------+-------+-------++-------
Melee: Unarmed           |    11 |       |       |       ||    11
       Kick              |     3 |     3 |    17 |    34 ||    57
       Peck              |     1 |       |    12 |    25 ||    38
       Dagger            |     6 |     4 |    73 |   124 ||   207
Throw: Throwing net      |       |       |       |     1 ||     1
 Cast: Flame Tongue      |    24 |    53 |    94 |    41 ||   212
       Conjure Flame     |       |     4 |    17 |    20 ||    41
       Mephitic Cloud    |       |       |     3 |     6 ||     9
       Poisonous Vapours |       |       |     1 |    38 ||    39
  Use: Scroll            |       |       |     1 |     4 ||     5
 Stab: Sleeping          |     1 |       |       |       ||     1
       Distracted        |       |       |     1 |       ||     1
       Confused          |       |       |       |     1 ||     1
  Eat: Chunk             |       |     2 |     8 |     4 ||    14
Armor: Robe              |     1 |       |       |       ||     1
       Leather armour    |       |     2 |    18 |    20 ||    40
Dodge: Dodged            |    17 |    13 |    70 |   138 ||   238
